AoeStats
← jphilkill

Arena

507270025Analyzed
4v4 RM · 15d ago on Sep 17, 2026· 29m 26s· 8 players
Game mode
Random Map
Map size
Large (8 player)
Population
200
Speed
Normal
Resources
Standard
Victory
Conquest
Starting age
Dark Age
Ending age
Imperial Age
RankedLock teamsTeams togetherTeam positionsShared explorationLock speedFull tech treeHidden civsTurbo modeCheats
Victory
Defeat
🇨🇳 Franks · China
914
+16
🇨🇳 Turks · China
888
+17
🇩🇪 Burgundians · Germany
881
+17
🇻🇳 Magyars · Vietnam
865
+18
🇨🇳 Teutons · China
932
-18
🇨🇳 Romans · China
916
-17
🇨🇳 Magyars · China
914
-17
🇨🇳 Vietnamese · China
881
-16
fj0083
12:13 Feudal Age
12:08 Loom
13:01 Double-Bit Axe
16:43 Castle Age
15:33 Horse Collar
18:30 Bow Saw
25:32 Imperial Age
24:16 Padded Archer Armor
24:40 Ballistics
24:41 Gold Mining
25:51 Leather Archer Armor
26:29 Stone Mining
27:17 Gold Shaft Mining
kam1kaze
5:04 Loom
10:29 Feudal Age
11:38 Double-Bit Axe
11:34 Horse Collar
19:44 Castle Age
21:09 Bow Saw
21:02 Heavy Plow
25:14 Stone Mining
25:15 Gold Mining
26:14 Bloodlines
26:04 Husbandry
26:44 Wheelbarrow
26:10 Town Watch
28:18 Gold Shaft Mining
27:51 Town Patrol
29:38 Hand Cart
jphilkill
1:09 Loom
11:07 Feudal Age
16:44 Castle Age
14:59 Double-Bit Axe
16:00 Horse Collar
16:15 Gold Mining
16:16 Stone Mining
18:02 Wheelbarrow
18:56 Bow Saw
25:00 Hand Cart
24:48 Heavy Plow
2026
0:33 Loom
10:28 Feudal Age
15:19 Castle Age
32:33 Imperial Age
Light
10:44 Feudal Age
15:34 Castle Age
13:36 Double-Bit Axe
13:33 Horse Collar
WADS
0:42 Loom
12:14 Feudal Age
22:15 Castle Age
20:52 Double-Bit Axe
20:59 Horse Collar
2228575683
0:30 Loom
12:20 Feudal Age
18:41 Castle Age
17:00 Double-Bit Axe
17:54 Horse Collar
19:45 Gold Mining
23:08 Treadmill Crane
23:39 Masonry
PariBlack
0:30 Loom
11:45 Feudal Age
16:47 Castle Age
15:22 Double-Bit Axe
15:21 Horse Collar
16:21 Stone Mining
16:25 Gold Mining
18:30 Heavy Plow
18:45 Bow Saw
Connection lost

Rejoining the realm…

Still unreachable

The connection could not be restored.

Session expired

The server has moved on; the page needs a fresh start.